 Dungeon Sprint DCSS version 0.17-a0-1840-g87820a2 (webtiles) character file.

742 KambridgeKobold the Covert (level 7, 0/55 HPs)
             Began as a Spriggan Assassin on Sept 16, 2015.
             Was an Initiate of Dithmenos.
             Succumbed to an orange demon's poison
             ... in the Dungeon (Sprint I: "Red Sonja").
             The game lasted 00:04:08 (396 turns).

KambridgeKobold the Covert (Spriggan Assassin)       Turns: 396, Time: 00:04:09

Health: 0/55       AC:  3    Str: 12    XL:     7   Next: 47%
Magic:  8/8        EV: 31    Int: 12    God:    Dithmenos [......]
Gold:   405        SH:  0    Dex: 20    Spells: 0 memorised, 6 levels left

rFire  . . .     SeeInvis +     a - +2 dagger
rCold  . . .     Clarity  .     c - +0 robe
rNeg   . . .     SustAt   .     (shield restricted)
rPois  .         Gourm    .     (helmet restricted)
rElec  .         Spirit   .     d - +0 cloak
rCorr  .         Warding  .     (gloves unavailable)
rMut   .         NoTele   +     (boots unavailable)
MR     +....                    (no amulet)
Stlth  ..........               (no ring)
                                (no ring)

@: berserking, lethally poisoned (0 -> -15), weakened, very quick, somewhat
resistant to hostile enchantments, extremely unstealthy
A: unfitting armour, see invisible, herbivore 3, speed 3, slow metabolism 2
a: Renounce Religion


You were in the Dungeon.
You worshipped Dithmenos.
Dithmenos was noncommittal.
You were not hungry.

You visited 1 branch You collected 405 gold pieces.

Inventory:

Hand weapons
 a - a +2 dagger (weapon)
 b - a +0 blowgun
Missiles
 e - 22 poisoned needles
 f - 2 curare-tipped needles
Armour
 c - a +0 robe (worn)
 d - a +0 cloak (worn)
Scrolls
 m - a scroll of blinking
Potions
 j - a potion of haste
 k - 2 potions of magic
 n - 2 potions of brilliance {unknown}
Comestibles
 g - a bread ration


   Skills:
 + Level 3.9 Fighting
 - Level 7.4 Short Blades
 + Level 8.9 Throwing
 - Level 12.8 Dodging
 + Level 13.1 Stealth


You had 6 spell levels left.
You didn't know any spells.

Dungeon Overview and Level Annotations

Branches:
Dungeon (1/1)

Altars:
Cheibriados
Dithmenos
Fedhas
Sif Muna
Vehumet
Jiyva


Innate Abilities, Weirdness & Mutations

You are tiny and cannot use many weapons and most armour.
You have supernaturally acute eyesight.
You are a herbivore.
You cover ground extremely quickly.
You need consume almost no food.


Message History

The crimson imp completely misses you.
You closely miss the kobold demonologist.
The kobold demonologist is severely wounded.
* * * LOW HITPOINT WARNING * * *
You feel sick. The crimson imp misses you. The iron imp completely misses you.
You hit the kobold demonologist but do no damage.
The kobold demonologist is severely wounded.
* * * LOW HITPOINT WARNING * * *
You feel sick.
The kobold demonologist hits you but does no damage.
The ynoxinul gestures at you. The iron shot misses you.
The iron shot hits the iron imp.
The iron imp dies!
The orange demon misses you. The orange demon hits you.
* * * LOW HITPOINT WARNING * * *
The crimson imp blinks!
The crimson imp completely misses you.
Drink which item? (? for menu, Esc to quit)
A red film seems to cover your vision as you go berserk!
You feel yourself moving faster!
You feel mighty!
You die...

####################
'..#.)'..#__#..'ยง55#
#.)'..#..'..'..#@K5#
##'#####'#__####435+
#..#...#%#### #####
####..##.# ##'#..+
+..._# #_.#'# ##+#(#
###


You could see an orange demon, a kobold demonologist, a ynoxinul, a crimson imp
and 3 ufetubi.

Vanquished Creatures
  A kobold demonologist (D)
  A slime creature (D)
  Sigmund (D)
  An ogre (D)
  A jelly (D)
  Ijyb (D)
  A giant eyeball (D)
7 creatures vanquished.

Notes
Turn   | Place    | Note
--------------------------------------------------------------
     0 | D        | KambridgeKobold the Spriggan Assassin began the quest for the Orb.
     0 | D        | Reached XP level 1. HP: 10/10 MP: 2/2
     1 | D        | Noticed Ijyb
     4 | D        | Killed Ijyb
     4 | D        | Reached skill level 6 in Dodging
     4 | D        | Reached skill level 8 in Stealth
     4 | D        | Reached XP level 2. HP: 14/14 MP: 3/3
     6 | D        | Noticed an ogre
     9 | D        | Killed an ogre
     9 | D        | Reached skill level 9 in Dodging
     9 | D        | Reached skill level 11 in Stealth
     9 | D        | Reached XP level 3. HP: 18/18 MP: 4/4
     9 | D        | Reached XP level 4. HP: 22/22 MP: 5/5
    18 | D        | Noticed Sigmund
    21 | D        | Killed Sigmund
    21 | D        | Reached skill level 5 in Short Blades
    21 | D        | Reached skill level 5 in Throwing
    21 | D        | Reached XP level 5. HP: 25/25 MP: 6/6
    21 | D        | Reached XP level 6. HP: 30/30 MP: 7/7
    34 | D        | Found a deep blue altar of Sif Muna.
    35 | D        | Noticed a jelly
    36 | D        | Found a radiant altar of Vehumet.
    66 | D        | Killed a jelly
   343 | D        | Found a snail-covered altar of Cheibriados.
   343 | D        | Found a viscous altar of Jiyva.
   343 | D        | Found a shadowy altar of Dithmenos.
   343 | D        | Found a blossoming altar of Fedhas.
   343 | D        | Noticed a slime creature
   347 | D        | Killed a slime creature
   347 | D        | Reached skill level 12 in Dodging
   349 | D        | Became a worshipper of Dithmenos the Shadowed
   360 | D        | Noticed a kobold demonologist
   361 | D        | Noticed a kobold demonologist
   363 | D        | Killed a kobold demonologist
   363 | D        | Reached skill level 13 in Stealth
   363 | D        | Reached XP level 7. HP: 33/37 MP: 8/8
   371 | D        | Noticed a ynoxinul
   379 | D        | Noticed an orange demon
   395 | D        | HP: 1/37 [orange demon[a kobold demonologist] (6)]
   396 | D        | Succumbed to an orange demon's poison

Vault maps used:
D:        dungeon_sprint_1

Action                   |  1- 3 |  4- 6 |  7- 9 || total
-------------------------+-------+-------+-------++-------
Melee: Dagger            |     2 |    10 |    30 ||    42
 Fire: Blowgun           |       |     5 |       ||     5
  Use: Potion            |       |       |     3 ||     3
 Stab: Sleeping          |     2 |     3 |     1 ||     6
